 Dungeon Crawl Stone Soup version 0.31-a0-176-g91f28db67f (webtiles) character file.

Game seed: 5039741238302361673

750 qw the Chopper (level 7, 0/43 HPs)
             Began as a Gargoyle Fighter on June 17, 2023.
             Was an Initiate of Okawaru.
             Killed by divine providence
             ... invoked by an orc priest
              (13 damage)
             ... on level 5 of the Dungeon.
             The game lasted 00:02:02 (4022 turns).

qw the Chopper (Gargoyle Fighter)                   Turns: 4022, Time: 00:02:02

Health: 0/43       AC: 19    Str: 22    XL:     7   Next: 78%
Magic:  6/8        EV: 10    Int:  8    God:    Okawaru [......]
Gold:   222        SH:  6    Dex: 12    Spells: 6/6 levels left

rFire   . . .        Y - +1 war axe
rCold   . . .        c - +0 buckler
rNeg    + . .        j - +0 chain mail
rPois   inf          b - +0 helmet
rElec   +            (no cloak)
rCorr   .            m - +0 pair of gloves {Dex+3}
SInv    .            r - +0 pair of boots
Will    .....        (no amulet) Stlth
                     (no ring)
HPRegen 0.27/turn    (no ring)
MPRegen 0.11/turn

%: no passive effects
@: heroic
A: sickness immunity, AC +4, negative energy resistance 1, electricity
resistance, torment resistance 1, petrification resistance
a: Renounce Religion


You were on level 5 of the Dungeon.
You worshipped Okawaru.
Okawaru was noncommittal.
You visited 2 branches of the dungeon, and saw 6 of its levels.

You collected 222 gold pieces.


Innate Abilities, Weirdness & Mutations

You are immune to sickness and miasma.
Your stone body is resilient. (AC +4)
You are immune to poison.
You resist negative energy. (rN+)
You are resistant to electric shocks. (rElec)
You are resistant to unholy torment.
You are immune to petrification.


   Skills:
 + Level 4.2(9.2) Fighting
 - Level 7.0(12.0) Axes
 - Level 3.2(8.2) Armour
 - Level 1.4(6.4) Dodging
 - Level 3.2(8.2) Shields
 - Level 1.8 Invocations


You had 6 spell levels left.
You didn't know any spells.
Your spell library was empty.

Inventory:

Hand Weapons
 g - a +0 flail
 Y - a +1 war axe (weapon)
Armour
 b - a +0 helmet (worn)
 c - a +0 buckler (worn)
 j - a +0 chain mail (worn)
 m - a +0 pair of gloves of dexterity (worn)
 r - a +0 pair of boots (worn)
Jewellery
 i - a ring of ice
Scrolls
 a - a scroll of teleportation
 n - a scroll of identify
Potions
 d - 2 potions of might
 e - a potion of haste
 f - a potion of cancellation
 h - a potion of resistance
 k - a potion of heal wounds
 l - a potion of attraction {unknown}
 o - a potion of curing {unknown}
 p - a potion of lignification

Dungeon Overview and Level Annotations

Branches:
Dungeon (5/15)             Temple (1/1) D:4

Altars:
Ashenzari
Cheibriados
Dithmenos
Elyvilon
Fedhas
Gozag
Hepliaklqana
Kikubaaqudgha
Makhleb
Nemelex Xobeh
Okawaru
Qazlal
Ru
Trog
Uskayaw
Vehumet
Wu Jian
Xom
Yredelemnul
Zin
The Shining One

Annotations:
D:2 1 runed translucent door, Crazy Yiuf


Message History

The orc wizard is moderately wounded.
The orc wizard points at you and mumbles some strange words.
The magic dart hits you.
You slash the orc wizard!
The orc wizard is almost dead.
The orc wizard gestures at you while chanting.
You are confused.
The orc wizard casts a spell at you. The puff of flame hits you.
The orc wizard casts a spell.
The orc wizard flickers and vanishes!
Deactivating autopickup; reactivate with Ctrl-A.
The orc priest looks braver for a moment.
Something hits you but does no damage. Something hits you.
Something hits you but does no damage.
You hear a distant slurping noise.
You feel like a meek peon again. Something hits you but does no damage.
You feel less confused.
You hear some strange, mumbled words.
A magic dart appears from out of thin air!
The magic dart hits you but does no damage.
4019 ||| INVOKING Heroism.
You gain the combat prowess of a mighty hero.
You can no longer gain great but temporary skills.
Something hits you but does no damage.
You miss something. Something hits you but does no damage.
You barely miss something.
You hear some strange, mumbled words.
A puff of flame appears from out of thin air!
The puff of flame hits you but does no damage.
You slash something! Okawaru accepts your kill.
Reactivating autopickup.
You feel a bit more experienced.
The orc priest invokes the aid of Beogh against you.
Beogh smites you!
You die... ~# .#.# .. ~###..# .. .....# .. ....##. ..o.. .oo

#Y# ####
######@###..#######
#.......#.........#
#.......'.[.......#
######..##..#..#..#
########..##+########
#..........#...#
#..........#...##
##.###.##.##....#
#####.##'##<####


You could see an ice beast, an orc priest and 2 orcs.

Vanquished Creatures
  Sigmund (D:3)
  A water moccasin (D:4)
  An ice beast (D:4)
  2 scorpions (D:4)
  2 hounds (D:4)
  A jelly (D:4)
  Jessica (D:3)
  An iguana (D:5)
  An orc wizard (D:5)
  Robin (D:3)
  3 adders
  2 worms
  5 dart slugs
  5 orcs
  4 endoplasms
  4 giant cockroaches
  14 goblins
  6 hobgoblins
  8 kobolds
  4 quokkas
  8 ball pythons
  3 bats
  5 frilled lizards
  3 rats
86 creatures vanquished.

Notes
Turn   | Place    | Note
-------+----------+-------------------------------------------
     0 | D:1      | qw the Gargoyle Fighter began the quest for the Orb.
     0 | D:1      | Reached XP level 1. HP: 14/14 MP: 1/1
     0 | D:1      | 0 ||| qw: Version: 0.3-a-5-g6f28e65
     0 | D:1      | 0 ||| qw: Game counter: 489
     0 | D:1      | 0 ||| qw: Always use a shield: true
     0 | D:1      | 0 ||| qw: God list: Okawaru
     0 | D:1      | 0 ||| qw: Allow faded altars: false
     0 | D:1      | 0 ||| qw: Do Orc after D:15 true
     0 | D:1      | 0 ||| qw: Do second Lair branch before Depths: true
     0 | D:1      | 0 ||| qw: Lair rune preference: random
     0 | D:1      | 0 ||| qw: Plans: Normal, Zot:1-4, Slime:5, God:TSO, Crypt,
                  | Tomb, Abyss, Pan, Hells, Win
     0 | D:1      | 0 ||| PLANNING D:1-11
    95 | D:1      | Reached skill level 2 in Axes
   100 | D:1      | 100 ||| Stepping ~*~*~tactically~*~*~ (hiding).
   101 | D:1      | 101 ||| Stepping ~*~*~tactically~*~*~ (hiding).
   102 | D:1      | 102 ||| Stepping ~*~*~tactically~*~*~ (hiding).
   103 | D:1      | 103 ||| Stepping ~*~*~tactically~*~*~ (hiding).
   113 | D:1      | Reached XP level 2. HP: 19/19 MP: 2/2
   175 | D:1      | 175 ||| Stepping ~*~*~tactically~*~*~ (stealth).
   776 | D:1      | 776 ||| UPGRADING to +0 pair of gloves.
   781 | D:1      | 781 ||| UPGRADING to +0 chain mail.
   791 | D:1      | 791 ||| DROPPING +0 scale mail.
   792 | D:1      | 792 ||| READING scroll labelled ASUNES EGIASOGI.
   793 | D:1      | 793 ||| READING 2 scrolls labelled JUGACZ CAVIHI.
   794 | D:1      | 794 ||| READING scroll labelled XUMEBB IPATT.
   799 | D:1      | 799 ||| READING 2 scrolls labelled POUHAA HIMY.
   800 | D:1      | 800 ||| DROPPING scroll of fear.
   848 | D:2      | Reached skill level 3 in Axes
   876 | D:2      | Reached XP level 3. HP: 18/23 MP: 3/3
   950 | D:2      | Found a basalt altar of Yredelemnul.
  1234 | D:2      | 1234 ||| DROPPING +0 mace.
  1582 | D:2      | Found a runed translucent door.
  1583 | D:2      | Noticed Crazy Yiuf
  1586 | D:2      | 1586 ||| UPGRADING to +0 helmet.
  1591 | D:2      | 1591 ||| READING scroll labelled POC GILOSE.
  1592 | D:2      | 1592 ||| READING 2 scrolls of identify.
  1592 | D:2      | 1592 ||| IDENTIFYING ruby potion
  1717 | D:3      | 1717 ||| Stepping ~*~*~tactically~*~*~ (hiding).
  1720 | D:3      | 1720 ||| Stepping ~*~*~tactically~*~*~ (hiding).
  1721 | D:3      | 1721 ||| Stepping ~*~*~tactically~*~*~ (hiding).
  1767 | D:3      | Reached XP level 4. HP: 28/28 MP: 4/4
  1783 | D:3      | 1783 ||| Stepping ~*~*~tactically~*~*~ (hiding).
  1784 | D:3      | 1784 ||| Stepping ~*~*~tactically~*~*~ (hiding).
  1793 | D:3      | Reached skill level 4 in Axes
  1943 | D:3      | Noticed Jessica
  1945 | D:3      | Killed Jessica
  1960 | D:3      | 1960 ||| Stepping ~*~*~tactically~*~*~ (stealth).
  1962 | D:3      | 1962 ||| Stepping ~*~*~tactically~*~*~ (stealth).
  2003 | D:3      | Noticed Sigmund
  2008 | D:3      | Killed Sigmund
  2009 | D:3      | Reached skill level 5 in Axes
  2009 | D:3      | Reached XP level 5. HP: 22/32 MP: 5/5
  2009 | D:3      | Reached XP level 6. HP: 25/37 MP: 6/6
  2063 | D:3      | Noticed Robin
  2078 | D:3      | Killed Robin
  2110 | D:3      | Found a glowing silver altar of Zin.
  2278 | D:3      | Found an ancient bone altar of Kikubaaqudgha.
  2577 | D:3      | 2577 ||| UPGRADING to +0 pair of gloves of dexterity.
  2587 | D:3      | 2587 ||| DROPPING +0 pair of gloves.
  2588 | D:3      | 2588 ||| READING scroll labelled ZUITAPS ATHU.
  2589 | D:3      | 2589 ||| READING 2 scrolls of identify.
  2589 | D:3      | 2589 ||| IDENTIFYING golden potion
  2631 | D:4      | Found a staircase to the Ecumenical Temple.
  2632 | D:4      | 2632 ||| PLANNING TEMPLE
  2640 | Temple   | Entered the Ecumenical Temple
  2640 | Temple   | Found a transporter.
  2640 | Temple   | Found a transporter.
  2642 | Temple   | Found a transporter.
  2642 | Temple   | Found a transporter.
  2652 | Temple   | 2652 ||| PLANNING D:1-11
  2667 | Temple   | 2667 ||| PLANNING OKAWARU WORSHIP
  2671 | Temple   | Became a worshipper of Warmaster Okawaru
  2672 | Temple   | 2672 ||| PLANNING D:1-11
  2696 | D:4      | 2696 ||| Stepping ~*~*~tactically~*~*~ (stealth).
  2703 | D:4      | 2703 ||| Stepping ~*~*~tactically~*~*~ (stealth).
  2758 | D:4      | Reached skill level 1 in Dodging
  2825 | D:4      | 2825 ||| Stepping ~*~*~tactically~*~*~ (hiding).
  3274 | D:4      | Reached skill level 6 in Axes
  3274 | D:4      | Reached XP level 7. HP: 34/43 MP: 7/7
  3275 | D:4      | Reached * piety under Okawaru
  3321 | D:4      | 3321 ||| DRINKING 2 clear potions.
  3372 | D:4      | 3372 ||| INVOKING Heroism.
  3597 | D:4      | Reached skill level 7 in Axes
  3597 | D:4      | Reached skill level 1 in Invocations
  3896 | D:4      | 3896 ||| UPGRADING to +0 pair of boots.
  3901 | D:4      | 3901 ||| READING scroll labelled PEICRA FIOL.
  3902 | D:4      | 3902 ||| READING 3 scrolls of identify.
  3902 | D:4      | 3902 ||| IDENTIFYING yellow potion
  3903 | D:4      | 3903 ||| READING 2 scrolls of identify.
  3903 | D:4      | 3903 ||| IDENTIFYING coppery potion
  3941 | D:5      | Entered Level 5 of the Dungeon
  4003 | D:5      | 4003 ||| INVOKING Heroism.
  4019 | D:5      | 4019 ||| INVOKING Heroism.
  4022 | D:5      | Killed from afar by an orc priest

Levels and vault maps discovered:
D:1:      dpeg_arrival_three_same_balls, layout_loops_cross, minmay_door_square,
          minmay_box_of_dots
D:2:      layout_loops_ring, basic_altar, st_stairs_1, uniq_crazy_yiuf_cottage
D:3:      layout_loops_ring, mainiacjoe_overflow_alcove_1, zin_treasury,
          serial_glass, glass_columns_b, glass_columns_b, st_stairs_7,
          uniq_sigmund, uniq_jessica, uniq_robin
D:4:      layout_gridville, minmay_temple_entry_grid, minmay_bent
D:5:      layout_gridville, fountainhead, corexii_hall_statues_l
Temple:   hellmonk_temple_divided_pantheon

Skill      XL: |  1  2  3  4  5  6  7 |
---------------+----------------------+-----
Axes           | 2 3 5 6 7 |  7.0
Dodging        | 1 |  1.4
Fighting       | 4 |  4.2
Invocations    | 1 |  1.8
Armour         | |  3.2
Shields        | |  3.2

Action                     |  1- 3 |  4- 6 |  7- 9 || total
---------------------------+-------+-------+-------++-------
  Melee: War axe           |   126 |    99 |    54 ||   279
 Invoke: Heroism           |       |       |     3 ||     3
    Use: Scroll            |     6 |     2 |     3 ||    11
         Potion            |       |       |     1 ||     1
 Armour: Scale mail        |    26 |       |       ||    26
         Chain mail        |    56 |    60 |    23 ||   139
         Skin              |       |       |     7 ||     7
  Dodge: Dodged            |    36 |    38 |    14 ||    88
  Block: Buckler           |    19 |    13 |     6 ||    38

Table legend:
 A = Non-vault XP
 B = Vault XP
 C = Vault XP percentage of total XP
 D = Non-vault monster count
 E = Vault monster count
 F = Vault count percentage of total count
                 A         B        C        D         E       F
            +---------+---------+-------+---------+---------+-------
      Total |     556 |     551 |  49.8 |      59 |      27 |  31.4
            +---------+---------+-------+---------+---------+-------
        D:1 |      17 |      10 |  37.0 |      12 |       5 |  29.4
        D:2 |      24 |       2 |   7.7 |      13 |       1 |   7.1
        D:3 |      57 |     285 |  83.3 |      15 |      13 |  46.4
        D:4 |     385 |     254 |  39.7 |      16 |       8 |  33.3
        D:5 |      73 |       0 |   0.0 |       3 |       0 |   0.0
            +---------+---------+-------+---------+---------+-------
